 Dungeon Crawl Stone Soup version 0.27-a0-1378-gdefffd1ff6 (webtiles) character file.

Game seed: 13559143941647739913

1 ABBCCCDDDD the Skirmisher (level 1, -2/19 HPs)
             Began as a Palentonga Fighter on June 29, 2021.
             Slain by an adder (4 damage)
             ... on level 2 of the Dungeon.
             The game lasted 00:00:27 (137 turns).

ABBCCCDDDD the Skirmisher (Palentonga Fighter)       Turns: 137, Time: 00:00:28

Health: -2/19      AC:  6    Str: 19    XL:     1   Next: 16%
Magic:  1/1        EV:  5    Int:  8    God:
Gold:   0          SH:  8    Dex:  9    Spells: 0/0 levels left

rFire    + . .     SeeInvis +   a - +0 flail
rCold    + . .     Faith    .   c - +0 kite shield
rNeg     . . .     Spirit   .   b - +0 scale mail
rPois    +         Reflect  .   (no helmet)
rElec    +         Harm     .   (no cloak)
rCorr    +         Rampage  .   (no gloves)
Will     .....                  (no barding)
Stlth    ..........             (no amulet)
HPRegen  0.06/turn              (no ring)
MPRegen  0.07/turn              (no ring)

@: lethally poisoned (-2 -> -8), resistant
A: large, rugged brown scales 3, see invisible, deformed body, roll 1, armoured
tail
a: Rolling Charge


You were on level 2 of the Dungeon.
You visited 1 branch of the dungeon, and saw 2 of its levels.

Inventory:

Hand Weapons
 a - a +0 flail (weapon)
Missiles
 f - 4 silver boomerangs
Armour
 b - a +0 scale mail (worn)
 c - a +0 kite shield (worn)
Jewellery
 g - a ring of ice
Potions
 d - a potion of might


   Skills:
 * Level 3.0 Fighting
 * Level 2.0 Maces & Flails
 - Level 2.4 Armour
 + Level 2.4 Shields


You couldn't memorise any spells.
You didn't know any spells.
Your spell library was empty.

Dungeon Overview and Level Annotations

Branches:
Dungeon (1/15)

Altars:


Innate Abilities, Weirdness & Mutations

You are completely covered in rugged brown scales. (AC +3, +7% HP)
You have supernaturally acute eyesight. (SInv)
Armour fits poorly on your strangely shaped body.
You can roll at nearby foes to attack.
You have a long armoured tail.


Message History

The quokka bites you but does no damage.
You block the adder's attack. The quokka barely misses you.
You closely miss the adder.
Your tail-slap misses the adder.
The adder is moderately wounded.
The adder bites you but does no damage. You block the quokka's attack.
The adder bites you but does no damage.
You barely miss the adder.
The adder is moderately wounded.
The quokka barely misses you. The adder barely misses you.
The quokka bites you. You block the adder's attack.
You miss the adder.
The adder is moderately wounded.
You block the quokka's attack. The adder bites you but does no damage.
The quokka barely misses you. The adder bites you but does no damage.
You closely miss the adder.
The adder is moderately wounded.
The quokka bites you. The adder bites you but does no damage.
The rat twitches its whiskers.
The quokka barely misses you. The adder bites you.
You miss the adder.
Your tail-slap misses the adder.
The adder is moderately wounded.
The adder bites you. The quokka bites you. The adder barely misses you.
The quokka bites you but does no damage.
You miss the adder.
The adder is moderately wounded.
The adder bites you but does no damage. You block the quokka's attack.
The adder bites you but does no damage.
The quokka bites you but does no damage.
You closely miss the adder.
The adder is moderately wounded.
You block the adder's attack. You block the quokka's attack.
The adder bites you.
* * * LOW HITPOINT WARNING * * *
You are lethally poisoned!
The adder poisons you!
It was a potion of resistance.
You feel protected.
* * * LOW HITPOINT WARNING * * *
You feel sick. You block the quokka's attack. The adder bites you.
You die...

# #.
####..##########
.....SS@r.......
####.r##########
.... ####


You could see an adder, a quokka, a ball python and a rat.

Vanquished Creatures
  A quokka (D:1)
1 creature vanquished.

Notes
Turn   | Place    | Note
-------+----------+-------------------------------------------
     0 | D:1      | ABBCCCDDDD the Palentonga Fighter began the quest for the
                  | Orb.
     0 | D:1      | Reached XP level 1. HP: 19/19 MP: 1/1
    17 | D:1      | Found a faded altar of an unknown god.
   124 | D:1      | You fall into a shaft and drop 1 floor!
   137 | D:2      | Slain by an adder

Illustrated notes

Levels and vault maps discovered:
D:1:      dpeg_arrival_orchard, layout_loops_cross,
          chequers_ecumenical_altar_simple_redux, minmay_misc_feat_roman
D:2:      layout_basic, uniq_crazy_yiuf_cottage, uniq_terence

Action                   || total
-------------------------++-------
Melee: Flail             ||    12
  Use: Potion            ||     1
Armor: Scale mail        ||    16
Dodge: Dodged            ||     7
Block: Kite shield       ||     9

Table legend: (Time is in decaauts)
 A = Elapsed time spent in this place.
 B = Non-inter-level travel time spent in this place.
 C = Inter-level travel time spent in this place.
 D = Time resting spent in this place.
 E = Time spent auto-exploring this place.
 F = Levels seen in this place.
 G = Mean time per level.
                   A        B        C        D        E       F      G
               +--------+--------+--------+--------+--------+-----+--------+
         Total |    142 |    142 |      0 |      0 |    109 |   2 |   71.0 |
       Dungeon |    142 |    142 |      0 |      0 |    109 |   2 |   71.0 |
               +--------+--------+--------+--------+--------+-----+--------+

Top non-repeatable levels by time:
     D:1: 125 daAuts
     D:2: 17 daAuts
